 Dungeon Crawl Stone Soup version 0.30.1-9-gdf580d7c3d (webtiles) character file.

Game seed: 1067332291095740522

310 lonewolfV2 the Shield-Bearer (level 6, -5/51 HPs)
             Began as a Formicid Fighter on Oct 21, 2023.
             Slain by a white very ugly thing (8 damage)
             ... on level 2 of the Abyss.
             The game lasted 00:05:13 (3343 turns).

lonewolfV2 the Shield-Bearer (Formicid Fighter)     Turns: 3343, Time: 00:05:13

Health: -5/51      AC: 13    Str: 23    XL:     6   Next: 70%
Magic:  6/6        EV:  6    Int:  7    God:
Gold:   192        SH: 10    Dex: 13    Spells: 5/5 levels left

rFire   . . .        a - +1 war axe
rCold   . . .        c - +0 buckler
rNeg    . . .        e - +0 plate armour
rPois   .            (helmet unavailable)
rElec   .            (no cloak)
rCorr   .            h - +0 pair of gloves
SInv    +            (no boots)
Will    .....        k - amulet of reflection Stlth
                     (no ring)
HPRegen 0.28/turn    (no ring)
MPRegen 0.10/turn

%: reflection
@: mighty
A: permanent stasis, dig shafts and tunnels, antennae 3, four strong arms
a: Dig, Shaft Self


You were on level 2 of the Abyss.
You visited 1 branch of the dungeon, and saw 4 of its levels.
You visited the Abyss 2 times.

You collected 192 gold pieces.

Inventory:

Hand Weapons
 a - a +1 war axe (weapon)
Armour
 b - a +0 scale mail
 c - a +0 buckler (worn)
 e - a +0 plate armour (worn)
 h - a +0 pair of gloves (worn)
Jewellery
 k - an amulet of reflection (around neck)
 r - a ring of flight
Wands
 j - a wand of mindburst (8)
 p - a wand of flame (13)
Scrolls
 g - a scroll of identify
 i - 2 scrolls of enchant weapon
 m - a scroll of summoning
 n - 3 scrolls of immolation
Potions
 d - 2 potions of might
 f - 4 potions of curing
 l - a potion of attraction
 o - a potion of berserk rage {unknown}


   Skills:
 + Level 5.1 Fighting
 - Level 2.0 Axes
 + Level 5.1 Armour
 + Level 6.2 Shields


You had 5 spell levels left.
You didn't know any spells.
Your spell library contained the following spells:

 Spells                   Type           Power      Damage    Failure   Level
 Cigotuvi's Dreadful Rot  Necr/Pois/Air  0%         N/A       100%        2
 Lesser Beckoning         Tloc           0%         N/A       100%        2
 Momentum Strike          Conj/Tloc      0%         3d8       100%        2
 Ignite Poison            Fire/Tmut/Pois 0%         N/A       100%        3
 Volatile Blastmotes      Fire/Tloc      0%         2d10      100%        3
 Fulminant Prism          Conj/Hex       0%         3d5       100%        4
 Iskenderun's Mystic Bla  Conj/Tloc      0%         2d3       100%        4
 Freezing Cloud           Conj/Ice/Air   0%         6-21      100%        5
 Lee's Rapid Deconstruct  Erth           0%         3d4*      100%        5
 Blink                    Tloc           Unusable   N/A       N/A         2

Dungeon Overview and Level Annotations

Branches:
Dungeon (4/15)             Temple (0/1) D:4

Altars:
Wu Jian

Shops:
D:1 ::![(


Innate Abilities, Weirdness & Mutations

You cannot be hasted, slowed, berserked, paralysed or teleported.
You can dig through walls and to a lower floor.
You have a pair of large antennae on your head. (SInv)
Your four strong arms can wield two-handed weapons with a shield.


Message History

The boomerang hits you but does no damage.
The orc throws a boomerang.
The boomerang hits you but does no damage.
You block the orc's attack. Lugonu draws you home!
Lugonu sends minions to punish you.
A small abomination comes into view.
You are cast into the Abyss!
This branch contains the abyssal rune of Zot.
Beware, you cannot shaft yourself on this level.
Found a corrupted altar of Lugonu.
There is a corrupted altar of Lugonu here.
You kneel at the altar of Lugonu.
Lugonu refuses to forgive you so easily!
You kneel at the altar of Lugonu.
Lugonu refuses to forgive you so easily!
A white very ugly thing comes into view.
A white very ugly thing comes into view.
The white very ugly thing gurgles horribly! x2
You hear a horrible gurgling sound!
A white very ugly thing comes into view.
Aiming: Mindburst
Press: ? - help, Q - select action, (/) - cycle Shift-Dir - straight line, f - white very ugly thing
Aim: a white very ugly thing (chance to affect: 47%)
The white very ugly thing resists with some effort.
The white very ugly thing tail-slaps you but does no damage.
You slash the white very ugly thing!
The white very ugly thing is lightly wounded.
The white very ugly thing barely misses you.
You hit the white very ugly thing.
The white very ugly thing is lightly wounded.
You hit the white very ugly thing.
The white very ugly thing stings you but does no damage.
You block the white very ugly thing's attack.
The white very ugly thing stings you.
The white very ugly thing freezes you!!!
Ouch! That really hurt!
* * * LOW HITPOINT WARNING * * *
You feel very mighty all of a sudden.
The white very ugly thing tail-slaps you!
You die...

... . .# .. .#.. ......#..
..... ...... ..## ...# .#
..... # #..#...........#
... #.###........ ## #..#
##..._#.. . . . #
##..###.....# ... ....
...#....#..###..#....##..#
........uu..##.... .... .#
........#u@#.#..##.. .# ..
...... ###..#.. . #.... .
...#..# ##.........# .# .
.. ##. ...#..#. .##.. # .
.. .#.... .... ... ..
.......#.. . . ... ..
.#.#.# . . .......


You could see 3 very ugly things.

Vanquished Creatures
  Grinder (D:3)
  An orc wizard (D:3)
  Robin (D:3)
  An adder (D:4)
  An ufetubus (D:3)
  3 worms
  2 orcs (D:3)
  4 endoplasms
  2 giant cockroaches (D:1)
  11 goblins
  5 hobgoblins
  3 jackals (D:1)
  8 kobolds
  A quokka (D:1)
  2 ball pythons
  3 bats (D:3)
  2 frilled lizards
  4 rats
55 creatures vanquished.

Notes
Turn   | Place    | Note
-------+----------+-------------------------------------------
     0 | D:1      | lonewolfV2 the Formicid Fighter began the quest for the
                  | Orb.
     0 | D:1      | Reached XP level 1. HP: 18/18 MP: 1/1
    48 | D:1      | Found Fattemn's Weapon Emporium.
    86 | D:1      | Found a faded altar of an unknown god.
   218 | D:1      | Found Culicw's Armour Emporium.
   319 | D:1      | Found Ruriz's Book Shop.
   328 | D:1      | Reached XP level 2. HP: 24/24 MP: 2/2
   380 | D:1      | Found Buetzumuz's Distillery.
   593 | D:1      | Found Comeamp's Book Shoppe.
   687 | D:1      | Reached XP level 3. HP: 28/30 MP: 3/3
  1785 | D:3      | Noticed Grinder
  1796 | D:3      | Killed Grinder
  1797 | D:3      | Reached skill level 5 in Shields
  1797 | D:3      | Reached XP level 4. HP: 15/38 MP: 4/4
  1797 | D:3      | Reached XP level 5. HP: 17/43 MP: 5/5
  1797 | D:3      | Reached XP level 6. HP: 20/50 MP: 6/6
  1911 | D:3      | Reached skill level 5 in Fighting
  1911 | D:3      | Reached skill level 5 in Armour
  1911 | D:3      | Reached skill level 6 in Shields
  2133 | D:3      | Noticed Robin
  2138 | Abyss:1  | Cast into level 1 of the Abyss (goblin)
  2147 | Abyss:1  | Noticed a yellow draconian annihilator
  2161 | Abyss:1  | Noticed a smoke demon
  2165 | Abyss:1  | Found a corrupted altar of Lugonu.
  2170 | Abyss:1  | Found a corrupted altar of Lugonu.
  2175 | Abyss:1  | Became a worshipper of Lugonu the Unformed
  2175 | Abyss:1  | Reached * piety under Lugonu
  2175 | Abyss:1  | Reached ** piety under Lugonu
  2176 | D:3      | Escaped the Abyss
  2179 | D:3      | Killed Robin
  2533 | D:3      | Fell from the grace of Lugonu
  3213 | D:4      | Found an ornate altar of the Wu Jian Council.
  3288 | D:4      | Found a staircase to the Ecumenical Temple.
  3307 | D:4      | Noticed a small abomination
  3307 | Abyss:2  | Cast into level 2 of the Abyss (Lugonu's touch)
  3313 | Abyss:2  | Found a corrupted altar of Lugonu.
  3333 | Abyss:2  | Noticed a white very ugly thing
  3334 | Abyss:2  | Noticed a white very ugly thing
  3338 | Abyss:2  | Noticed a white very ugly thing
  3343 | Abyss:2  | Slain by a white very ugly thing

Illustrated notes

Levels and vault maps discovered:
D:1:      lightli_arrival_isolated_outpost, layout_loops_ring, serial_shops,
          shop, nicolae_diamond_shop, shop_statue, nicolae_shop_tiny_waterfront,
          shop, shapermc_ecumenical_altar_ellora, grunt_decor_resistance
D:2:      layout_loops_ring, minmay_misc_feat_doors,
          corexii_item_surrounded_by_moat
D:3:      layout_basic, minivault_27, minmay_misc_feat_rugged,
          guppyfry_early_lair_pool, uniq_robin, uniq_grinder
D:4:      layout_loops_ring, nicolae_wu_jian_glorious_leap,
          minmay_temple_entry_mini_moons, serial_bayou, serial_bayou_pond_a,
          serial_bayou_pond_d, serial_bayou_crossing, serial_bayou_pond_a
Abyss:2:  base: D:4, evilmike_abyss_exit_chaos,
          eino_small_chamber_without_monster

Skill      XL: |  1  2  3  4  5  6 |
---------------+-------------------+-----
Fighting       | 4 5 |  5.1
Armour         | 4 5 |  5.1
Shields        | 5 6 |  6.2
Axes           | |  2.0

Action                     |  1- 3 |  4- 6 || total
---------------------------+-------+-------++-------
  Melee: War axe           |    88 |    56 ||   144
 Invoke: Depart the Abyss  |       |     1 ||     1
         Renounce Religion |       |     1 ||     1
  Evoke: Wand              |       |     1 ||     1
    Use: Scroll            |     9 |     2 ||    11
         Potion            |       |     1 ||     1
 Armour: Plate armour      |    50 |    43 ||    93
  Dodge: Dodged            |    19 |    14 ||    33
  Block: Buckler           |    25 |    27 ||    52
         Reflection        |       |     3 ||     3
